 Dungeon Crawl Stone Soup version 0.27.1-34-g3ba077fa99 (webtiles) character file.

Game seed: 16757402552518393894

65594 ticklebelly the Warrior (level 14, -25/135 HPs)
             Began as a Minotaur Berserker on Jan 1, 2022.
             Was a High Priest of Trog.
             Annihilated by an ettin (33 damage)
             ... on level 12 of the Dungeon.
             The game lasted 02:17:43 (25604 turns).

ticklebelly the Warrior (Minotaur Berserker)       Turns: 25604, Time: 02:17:44

Health: -25/135    AC: 31    Str: 31    XL:     14   Next: 76%
Magic:  0/13       EV: 12    Int:  5    God:    Trog [*****.]
Gold:   1300       SH:  0    Dex: 10    Spells: 13/13 levels left

rFire    . . .     SeeInvis .   G - +7 battleaxe (freeze)
rCold    . . .     Faith    .   (shield currently unavailable)
rNeg     . . .     Spirit   .   R - +8 plate armour of Peek-a-Boo {Str+5}
rPois    +         Reflect  .   (helmet restricted)
rElec    .         Harm     .   (no cloak)
rCorr    .         Rampage  .   A - +0 pair of gloves
Will     +++..                  N - +0 pair of boots
Stlth    ..........             g - amulet of the acrobat
HPRegen  1.32/turn              w - +4 ring of protection
MPRegen  0.13/turn              y - ring of poison resistance

@: strong-willed, regenerating
A: horns 2, retaliatory headbutt
a: Renounce Religion, Berserk, Trog's Hand, Brothers in Arms


You were on level 12 of the Dungeon.
You worshipped Trog.
Trog was extremely pleased with you.
You visited 2 branches of the dungeon, and saw 18 of its levels.
You also visited: Sewer.

You collected 1300 gold pieces.

Inventory:

Hand Weapons
 C - a +3 dire flail of protection
 G - a +7 battleaxe of freezing (weapon)
Missiles
 n - 22 boomerangs
 p - 6 javelins (quivered)
 t - 2 boomerangs of dispersal
 D - 2 throwing nets
Armour
 A - a +0 pair of gloves (worn)
 N - a +0 pair of boots (worn)
 R - the +8 plate armour of Peek-a-Boo (worn) {Str+5}
   (You found it on level 4 of the Lair of Beasts)

   Str:       It affects your strength (+5).
Jewellery
 a - a ring of flight
 g - an amulet of the acrobat (around neck)
 j - a ring of fire
 k - a +4 ring of slaying
 w - a +4 ring of protection (left hand)
 y - a ring of poison resistance (right hand)
 F - an amulet of faith
Wands
 l - a wand of polymorph (51)
 s - a wand of flame (14)
 v - a wand of paralysis (11)
 K - a wand of charming (11)
 O - a wand of iceblast (18)
 P - a wand of acid (13)
 Q - a wand of mindburst (13)
Scrolls
 b - 7 scrolls of identify
 d - a scroll of immolation
 f - 3 scrolls of enchant armour
 m - 4 scrolls of fog
 H - 6 scrolls of teleportation
 I - 3 scrolls of holy word
 J - a scroll of blinking
 M - 2 scrolls of summoning
Potions
 c - 9 potions of curing
 e - 3 potions of lignification
 h - 2 potions of haste
 i - a potion of cancellation
 o - 4 potions of flight
 q - 2 potions of brilliance
 r - 2 potions of mutation
 u - 4 potions of attraction
 x - a potion of heal wounds
 B - 3 potions of ambrosia
Miscellaneous
 L - a lightning rod (4/4)


   Skills:
 + Level 15.6 Fighting
 + Level 15.6 Axes
 + Level 14.6 Armour
 + Level 13.6 Dodging
 - Level 5.1 Evocations


You had 13 spell levels left.
You didn't know any spells.
Your spell library was empty.

Dungeon Overview and Level Annotations

Branches:
Dungeon (12/15)            Temple (0/1) D:7            Lair (6/6) D:9
  Swamp (0/4) Lair:4        Snake (0/4) Lair:2        Slime (0/5) Lair:6
    Orc (0/2) D:10          Sewer (visited)

Altars:
Cheibriados
Elyvilon
Gozag
Hepliaklqana
Kikubaaqudgha
Makhleb
Nemelex Xobeh
Okawaru
Qazlal
Ru
Sif Muna
Trog
Wu Jian
Xom

Shops:
D:9 ?


Innate Abilities, Weirdness & Mutations

You have a pair of horns on your head.
You reflexively headbutt those who attack you in melee.


Message History

The two-headed ogre is severely wounded.
You hit the ettin but do no damage. You slice the moth of wrath!!
You freeze the moth of wrath!
You kill the moth of wrath!
Trog accepts your kill. The ettin barely misses you.
The ettin hits you with a +0 antimagic giant club!
The two-headed ogre hits you but does no damage.
The two-headed ogre hits you with a +0 dire flail.
The orc knight unwields a +1 antimagic dire flail.
The orc knight wields a +2 arbalest.
The orc knight shoots a bolt.
The bolt hits you!
The ettin hits you with a +0 antimagic giant club.
The ettin barely misses you.
You slice the two-headed ogre!! You freeze the two-headed ogre.
You kill the two-headed ogre!
Trog accepts your kill.
You slash the ettin! You freeze the ettin.
The ettin hits you with a +0 antimagic giant club!
The ettin closely misses you.
You slice the troll!! You freeze the troll! You headbutt the troll.
The troll is almost dead.
You hit the ettin. You freeze the ettin.
You hit the orc knight but do no damage.
The ettin hits you with a +0 antimagic giant club!!!
* * * LOW HITPOINT WARNING * * *
The ettin closely misses you. The troll misses you.
The troll barely misses you. The troll claws you but does no damage.
The orc knight unwields a +2 arbalest.
The orc knight wields a +1 antimagic dire flail.
The orc knight hits you but does no damage.
You can't go up here!
You can't go down here!
Okay, then.
You feel much better.
The ettin hits you with a +0 antimagic giant club!!
* * * LOW HITPOINT WARNING * * *
The ettin completely misses you. The ettin misses you.
The ettin hits you with a +0 antimagic giant club!!
You die...

.........#...########.#..
.........#............#..
###.##.#...#####.........
#. #...###...###.......
#..##......###.##...
#####..#....###T.#..#...
...)..##....#≈#.o##.#.#
......#.C...)?#.TC#...#
..$..©#@TT#._!..TO#©..#
......#.o#≈.)§##.y#...#
......##.# .#§#.##.#.#
....^. #. ## ..#.# ?....
.. .##.# .#... ##. .. .#
#.. ## .# #.. .. ##


You could see an orc knight, an ettin (berserk) and 2 trolls.

Vanquished Creatures
  The ghost of Gauc the Cleaver, a journeyman HOFi of Beogh (D:12)
  2 boulder beetles
  7 hydras
  A catoblepas (Lair:6)
  2 two-headed ogres
  A death yak (Lair:3)
  2 moths of wrath (D:12)
  3 oklob plants
  2 wolf spiders (Lair:6)
  6 elephants (Lair:3)
  2 cyclopes
  A guardian serpent (Lair:6)
  18 black mambas
  14 cane toads
  A kobold demonologist (D:11)
  4 yaktaurs (D:11)
  13 rime drakes
  10 komodo dragons
  An unseen horror (D:10)
  5 trolls
  8 blink frogs
  5 hornets
  Prince Ribbit (D:5)
  Sigmund (D:2)
  A redback (Lair:6)
  A shadow (D:11)
  74 yaks
  2 wraiths (D:11)
  10 wyverns
  A basilisk (Lair:3)
  3 hogs (Lair:4)
  8 steam dragons (Lair:2)
  5 vampire mosquitoes (Lair:4)
  Edmund (D:6)
  An acid dragon (D:11)
  Duvessa (D:4)
  34 water moccasins
  4 orc warriors
  3 black bears
  2 necrophages
  A hornet zombie (D:9)
  2 ice beasts
  A sky beast (D:7)
  9 wolves
  4 centaurs
  An ogre (D:5)
  2 phantoms
  Blork the orc (D:6)
  15 bullfrogs
  A gnoll sergeant (D:5)
  2 wyvern zombies
  2 scorpions
  Dowan (D:4)
  2 water moccasin zombies (D:5)
  9 killer bees
  18 wights
  2 vampire bats (D:3)
  5 howler monkeys
  2 electric eels (Lair:5)
  A bullfrog zombie (D:6)
  4 centaur zombies
  A jelly (D:6)
  A bullfrog skeleton (D:6)
  2 hounds (D:5)
  8 orc priests
  A gnoll shaman (D:8)
  Crazy Yiuf (D:3)
  2 centaur skeletons
  Jessica (D:2)
  3 iguanas
  12 orc wizards
  A hound zombie (D:5)
  A mummy (D:8)
  A howler monkey zombie (D:9)
  Robin (D:2)
  10 gnolls
  12 adders
  2 howler monkey skeletons (D:7)
  3 white imps
  3 worms
  3 dart slugs
  35 orcs
  7 ball pythons
  2 bats
  A bat skeleton (D:3)
  3 bat zombies (D:3)
  8 endoplasms
  6 giant cockroaches
  10 hobgoblins
  4 jackals (D:2)
  11 kobolds
  6 quokkas
  5 frilled lizards
  10 goblins
  A hobgoblin zombie (D:8)
  An orc zombie (D:8)
  6 rats
532 creatures vanquished.

Vanquished Creatures (collateral kills)
  Kirke (Lair:5)
  A hydra (Lair:3)
  A two-headed ogre (D:8)
  2 oklob plants (Lair:3)
  A komodo dragon (Lair:1)
  A hog (Lair:5)
7 creatures vanquished.

Vanquished Creatures (others)
  A yak (Lair:6)
  A steam dragon (Lair:2)
  An orc wizard (D:8)
  39 fungi
  85 plants
127 creatures vanquished.

Grand Total: 666 creatures vanquished

Notes
Turn   | Place    | Note
-------+----------+-------------------------------------------
     0 | D:1      | ticklebelly the Minotaur Berserker began the quest for the
                  | Orb.
     0 | D:1      | Reached XP level 1. HP: 19/19 MP: 0/0
   255 | D:1      | Reached XP level 2. HP: 23/27 MP: 1/1
   873 | D:1      | Reached XP level 3. HP: 34/34 MP: 2/2
  1419 | D:2      | Reached ** piety under Trog
  1564 | D:2      | Found a faded altar of an unknown god.
  1794 | D:2      | Noticed Sigmund
  1805 | D:2      | Killed Sigmund
  1806 | D:2      | Reached XP level 4. HP: 44/44 MP: 3/3
  1806 | D:2      | Reached XP level 5. HP: 50/50 MP: 4/4
  2143 | D:2      | Reached XP level 6. HP: 35/57 MP: 5/5
  2326 | D:2      | Noticed Robin
  2334 | D:2      | Killed Robin
  2351 | D:2      | Noticed Jessica
  2364 | D:2      | Killed Jessica
  2994 | D:3      | Found an ancient bone altar of Kikubaaqudgha.
  3410 | D:3      | Found a burning altar of Makhleb.
  3516 | D:3      | Found a runed translucent door.
  3517 | D:3      | Noticed Crazy Yiuf
  3525 | D:3      | Killed Crazy Yiuf
  3526 | D:3      | Reached XP level 7. HP: 44/64 MP: 6/6
  3785 | D:5      | Entered Level 5 of the Dungeon
  3998 | D:5      | Reached skill level 1 in Evocations
  4434 | D:4      | Noticed Duvessa
  4434 | D:4      | Noticed Dowan
  4449 | D:4      | Killed Duvessa
  4450 | D:4      | Reached XP level 8. HP: 61/73 MP: 7/7
  4453 | D:4      | Killed Dowan
  5010 | D:4      | Reached skill level 5 in Armour
  5612 | D:5      | Noticed Prince Ribbit
  5629 | D:5      | Reached *** piety under Trog
  5649 | D:5      | HP: 2/74 [Prince Ribbit (6)]
  5907 | D:6      | Reached skill level 5 in Dodging
  6201 | D:6      | Noticed Edmund
  6216 | D:6      | Killed Edmund
  6217 | D:6      | Reached XP level 9. HP: 82/82 MP: 8/8
  6253 | D:6      | Found a glowing drain.
  6269 | Sewer    | Entered a sewer
  6886 | D:6      | Reached **** piety under Trog
  6919 | D:6      | Noticed Blork the orc
  6931 | D:6      | Killed Blork the orc
  7381 | D:6      | Noticed a cyclops
  7391 | D:6      | Killed a cyclops
  7857 | D:5      | Killed Prince Ribbit
  7962 | D:5      | Found an ornate altar of the Wu Jian Council.
  8798 | D:7      | Noticed a troll
  8811 | D:7      | Killed a troll
  9156 | D:7      | Reached XP level 10. HP: 93/93 MP: 9/9
  9351 | D:7      | Reached skill level 10 in Fighting
  9351 | D:7      | Reached skill level 10 in Axes
  9595 | D:7      | Identified the +4 whip of Xyzxaum {drain, Int+4}
  9597 | D:7      | Found a staircase to the Ecumenical Temple.
 10019 | D:8      | Noticed an eight-headed hydra
 10025 | D:8      | Killed an eight-headed hydra
 10239 | D:8      | Found a shimmering altar of Xom.
 10272 | D:8      | Found a snail-covered altar of Cheibriados.
 10272 | D:8      | Found a shimmering blue altar of Sif Muna.
 10604 | D:8      | Found a sacrificial altar of Ru.
 10899 | D:8      | Found a white marble altar of Elyvilon.
 11205 | D:8      | Found a hazy altar of Hepliaklqana.
 11208 | D:8      | Found a stormy altar of Qazlal.
 11211 | D:8      | Found a sparkling altar of Nemelex Xobeh.
 11214 | D:8      | Found a bloodstained altar of Trog.
 11269 | D:9      | Noticed a two-headed ogre
 11493 | D:9      | Killed a two-headed ogre
 11612 | D:9      | Noticed a two-headed ogre
 11642 | D:8      | Killed a two-headed ogre
 12084 | D:9      | Found a staircase to the Lair.
 12205 | D:9      | Reached XP level 11. HP: 102/102 MP: 10/10
 12275 | D:9      | Found Onozxiug's Magic Scroll Boutique.
 12372 | D:9      | You fall into a shaft and drop 1 floor!
 12372 | D:10     | Entered Level 10 of the Dungeon
 12542 | D:9      | Found an opulent altar of Gozag.
 12956 | Lair:1   | Entered Level 1 of the Lair of Beasts
 12960 | Lair:1   | Identified the +10 falchion "Death Rattle" {flame, +Blink
                  | +Rage Fly Dex-3}
 13475 | Lair:1   | Reached skill level 10 in Armour
 14915 | Lair:2   | Found a staircase to the Snake Pit.
 14937 | Lair:2   | Reached skill level 10 in Dodging
 15315 | Lair:2   | Reached XP level 12. HP: 94/112 MP: 11/11
 16015 | Lair:2   | Reached skill level 5 in Evocations
 16456 | Lair:3   | Noticed a six-headed hydra
 16561 | Lair:3   | Killed a six-headed hydra
 16749 | Lair:3   | Noticed a death yak
 16780 | Lair:3   | Noticed a four-headed hydra
 16788 | Lair:3   | Killed a four-headed hydra
 16972 | Lair:3   | Found an iron altar of Okawaru.
 17009 | Lair:3   | Noticed a five-headed hydra
 17020 | Lair:3   | Killed a five-headed hydra
 17261 | Lair:3   | Reached XP level 13. HP: 104/122 MP: 12/12
 19337 | Lair:4   | Identified the +8 plate armour of Peek-a-Boo {Str+5}
 19522 | Lair:4   | Found a staircase to the Swamp.
 19732 | Lair:4   | Reached ***** piety under Trog
 20381 | Lair:5   | Noticed Kirke
 20774 | Lair:5   | Killed Kirke
 21706 | Lair:6   | Entered Level 6 of the Lair of Beasts
 21840 | Lair:6   | Reached XP level 14. HP: 123/133 MP: 13/13
 21842 | Lair:6   | Received a gift from Trog
 22287 | Lair:6   | Found a staircase to the Slime Pits.
 22425 | Lair:6   | Reached skill level 15 in Fighting
 22427 | Lair:6   | Reached skill level 15 in Axes
 23808 | D:10     | Found a staircase to the Orcish Mines.
 24526 | D:11     | Found a white marble altar of Elyvilon.
 25553 | D:12     | Noticed Gauc's ghost (journeyman HOFi)
 25555 | D:12     | Found a bloodstained altar of Trog.
 25561 | D:12     | Found a transporter.
 25598 | D:12     | Killed Gauc's ghost
 25604 | D:12     | Annihilated by an ettin

Illustrated notes

Levels and vault maps discovered:
D:1:      evilmike_arrival_rings, layout_basic
D:2:      minmay_evil_eye, layout_loops_corners,
          hellmonk_ecumenical_altar_leap_of_faith, minmay_misc_feat_diagonals,
          uniq_sigmund, uniq_robin, uniq_jessica
D:3:      layout_basic, lightli_temple_of_fire, kennysheep_vampire_church,
          uniq_crazy_yiuf_cottage
D:4:      layout_basic, minmay_crystal_room, uniq_duvessa
D:5:      layout_layer_cave, nicolae_wu_jian_wuxing_cycle, grunt_tough_drop,
          uniq_prince_ribbit1
D:6:      layout_cave_pools, portal_sewer_entry_a, minmay_between,
          uniq_blork_the_orc, uniq_edmund
D:7:      layout_rooms, minmay_temple_entry_enclosed_plants, minmay_microvault
D:8:      layout_loops_ring, lemuel_doored_altar,
          nicolae_ru_great_annihilating_truth, grunt_temple_overflow_cloverleaf,
          nicolae_overflow_hidden_temple, gammafunk_temple_overflow_statue,
          nicolae_ossuary_entry_giza, eino_small_chamber_without_monster
D:9:      layout_grid_maze, lemuel_tele_altar, dpeg_oklobed_lair, serial_shops,
          shop
D:10:     layout_irregular_city, orc_0_dummy, serial_column_ruins,
          column_ruins_hut, column_ruins_columns_corner, column_ruins_open_tiny,
          column_ruins_open_small, column_ruins_columns_straight,
          column_ruins_columns_water, column_ruins_open_tiny
D:11:     layout_long_grid, elyvilon_altar_5
D:12:     layout_basic, gammafunk_ghost_wrathful_warriors
Lair:1:   layout_gridlike
Lair:2:   layout_roguey, minmay_snake_entry_six_corridors,
          bobbens_dragon_lair_wall, grunt_megastairs_5
Lair:3:   layout_roguey, basic_altar, chequers_serial_rivers_large_a,
          minmay_lair_oklob_chamber, infiniplex_staircase_pool_2
Lair:4:   cheibrodos_lair_overgrown_chateau, layout_hall_layers,
          minmay_swamp_entry_swarm, nzn_sisyphean_effort, grunt_megastairs_4
Lair:5:   layout_concentric_octagons, gauntlet_entry_generic, minmay_hedge_maze,
          serial_bayou_shore_a, lemuel_fruit_fields, infiniplex_staircase_pool,
          uniq_kirke
Lair:6:   hangedman_lair_tendril_chambers, layout_gridlike,
          minmay_slime_entry_oklob_open

Skill      XL: |  1  2  3  4  5  6  7  8  9 10 11 12 13 14 |
---------------+-------------------------------------------+-----
Fighting       | 4 6 7 8 9 11 12 13 14 15 | 15.6
Axes           | 4 6 7 8 9 11 12 13 14 15 | 15.6
Armour         | 3 4 6 7 9 10 12 13 14 | 14.6
Dodging        | 3 4 5 7 8 10 11 12 13 | 13.6
Evocations     | 2 3 4 5 |  5.1

Action                   |  1- 3 |  4- 6 |  7- 9 | 10-12 | 13-15 || total
-------------------------+-------+-------+-------+-------+-------++-------
Melee: Hand axe          |    82 |   103 |   406 |       |       ||   591
       Headbutt          |    13 |    22 |    99 |   108 |   129 ||   371
       War axe           |       |       |    19 |    30 |       ||    49
       Battleaxe         |       |       |       |   393 |   427 ||   820
       Dire flail        |       |       |       |    24 |    22 ||    46
       Unarmed           |       |       |       |       |    22 ||    22
Throw: Boomerang         |       |       |     8 |    44 |    38 ||    90
       Javelin           |       |       |       |       |     2 ||     2
Invok: Trog's Hand       |     1 |     1 |     6 |     5 |     7 ||    20
       Berserk           |     1 |     1 |     6 |     6 |       ||    14
       Brothers in Arms  |       |       |       |     2 |     3 ||     5
Evoke: Wand              |       |       |     2 |     6 |       ||     8
  Use: Scroll            |       |       |       |     4 |    22 ||    26
       Potion            |       |       |       |       |     7 ||     7
 Stab: Petrified         |       |       |       |       |     7 ||     7
Armor: Animal skin       |     2 |       |       |       |       ||     2
       Leather armour    |    13 |     7 |       |       |       ||    20
       Chain mail        |       |    27 |   155 |       |       ||   182
       Plate armour      |       |       |    13 |   299 |   383 ||   695
Dodge: Dodged            |    31 |    54 |   200 |   250 |   368 ||   903
